 Dungeon Crawl Stone Soup version 0.19-a0-965-g50bf062 (webtiles) character file.

86 FitzyFitz the Changer (level 4, -2/24 HPs)
             Began as a Deep Elf Transmuter on July 12, 2016.
             Was an Initiate of Makhleb.
             Slain by Natasha (10 damage)
             ... on level 2 of the Dungeon.
             The game lasted 00:04:42 (1894 turns).

FitzyFitz the Changer (Deep Elf Transmuter)         Turns: 1894, Time: 00:04:43

Health: -2/24      AC:  3    Str:  7    XL:     4   Next: 26%
Magic:  11/12      EV: 13    Int: 19    God:    Makhleb [......]
Gold:   77         SH:  0    Dex: 15    Spells: 2 memorised, 8 levels left

rFire  . . .     SeeInvis .       - Unarmed
rCold  + . .     Gourm    .     w - +0 robe
rNeg   . . .     Faith    .     (no shield)
rPois  .         Spirit   .     (no helmet)
rElec  .         Dismiss  .     (no cloak)
rCorr  .         Reflect  .     (no gloves)
SustAt .         Harm     .     l - +0 pair of boots
MR     .....                    (no amulet)
Stlth  +.........               (no ring)
                                u - ring of protection from cold

@: appendage, not resistant to hostile enchantments, very unstealthy
A: horns 2
a: End Transformation, Renounce Religion


You were on level 2 of the Dungeon.
You worshipped Makhleb.
Makhleb was noncommittal.
You were not hungry.
You had grown temporary horns.
You visited 1 branch of the dungeon, and saw 2 of its levels.

You collected 77 gold pieces.

Inventory:

Hand Weapons
 b - a +0 hunting sling
Missiles
 a - 55 arrows
 m - 6 tomahawks (quivered)
 o - 50 stones
 t - 11 sling bullets
Armour
 l - a +0 pair of boots (worn)
 w - a +0 robe (worn)
Jewellery
 u - a ring of protection from cold (left hand)
Scrolls
 e - a scroll of teleportation {unknown}
 j - a scroll of random uselessness {unknown}
 k - a scroll of immolation {unknown}
 s - 2 scrolls of identify {unknown}
 v - a scroll of remove curse {unknown}
 x - a scroll of enchant armour {unknown}
Potions
 g - 2 potions of curing {unknown}
 q - a potion of heal wounds {unknown}
 r - a potion of cure mutation {unknown}
Books
 c - a book of Changes

   Spells                             Type                      Level
   a - Beastly Appendage              Transmutation                1
   b - Sticks to Snakes               Transmutation                2
   c - Spider Form                    Transmutation/Poison         3
   d - Ice Form                       Ice/Transmutation            4
   e - Blade Hands                    Transmutation                5
Comestibles
 d - 4 bread rations
 f - 3 fruits
 h - a slice of pizza
 i - a meat ration
 n - a beef jerky
 p - a chunk of flesh


   Skills:
 - Level 0.7 Fighting
 - Level 2.8 Dodging
 - Level 2.4 Unarmed Combat
 + Level 4.1 Spellcasting
 * Level 4.1 Transmutations


You had 8 spell levels left.
You knew the following spells:

 Your Spells              Type           Power        Failure   Level  Hunger
a - Beastly Appendage     Tmut           ###...       2%          1    None
b - Sticks to Snakes      Tmut           ###.....     4%          2    ##.....


Dungeon Overview and Level Annotations

Branches:
Dungeon (2/15)

Altars:
Hepliaklqana
Makhleb

Annotations:
D:2 Natasha


Innate Abilities, Weirdness & Mutations

You have a pair of horns on your head.


Message History

Natasha, Servant of Life and Death comes into view.
Natasha is nearby!
Natasha hisses angrily.
Natasha stares at you and mumbles some strange words.
The magic dart hits you!
Casting: Beastly Appendage
Confirm with . or Enter, or press ? or * to list all spells.
You grow a pair of large bovine horns.
Natasha extends her claws.
Natasha claws you!
You hit Natasha.
Natasha is lightly wounded.
Natasha barely misses you.
You barely miss Natasha.
Natasha is lightly wounded.
Natasha claws you.
You hit Natasha.
Natasha is lightly wounded.
Natasha claws you!
You die...

#.##.......##
#.##..._...#
#.##.....### #.###.####
#..##.# ##.##.# #.##.#
#.########.##.###
#......@h.....(.# #####
#############.<.###...##
#.......#...
##.####...#. #..........
#######.... #####


You could see Natasha.

Vanquished Creatures
  Natasha (D:2)
  2 adders (D:2)
  2 worms (D:2)
  3 dart slugs
  5 bats
  2 giant cockroaches
  4 goblins
  2 hobgoblins (D:1)
  4 jackals (D:2)
  2 giant newts
  2 kobolds
  6 rats
35 creatures vanquished.

Notes
Turn   | Place    | Note
-------+----------+-------------------------------------------
     0 | D:1      | FitzyFitz the Deep Elf Transmuter began the quest for the Orb.
     0 | D:1      | Reached XP level 1. HP: 11/11 MP: 6/6
   273 | D:1      | Reached XP level 2. HP: 14/16 MP: 6/8
   447 | D:2      | Learned a level 2 spell: Sticks to Snakes
   782 | D:2      | Reached XP level 3. HP: 15/20 MP: 8/10
  1564 | D:2      | Found a burning altar of Makhleb.
  1571 | D:2      | Found a hazy altar of Hepliaklqana.
  1598 | D:2      | Became a worshipper of Makhleb the Destroyer
  1806 | D:2      | Noticed Natasha
  1819 | D:2      | Killed Natasha
  1819 | D:2      | Reached XP level 4. HP: 18/24 MP: 12/12
  1888 | D:2      | Noticed Natasha
  1894 | D:2      | Slain by Natasha

Vault maps used:
D:1:      dpeg_arrival_chambers_temple_mockup
D:2:      grunt_temple_overflow_open, first_bread, uniq_crazy_yiuf_cottage,
          uniq_natasha

Skill      XL: |  1  2  3 |
---------------+----------+-----
Transmutations | 3 4 |  4.1
Spellcasting   | 4 |  4.1
Fighting       | |  0.7
Dodging        | |  2.8
Unarmed Combat | |  2.4

Action                   |  1- 3 |  4- 6 || total
-------------------------+-------+-------++-------
Melee: Unarmed           |   138 |     3 ||   141
       Headbutt          |    14 |       ||    14
 Fire: Hunting sling     |     3 |       ||     3
Throw: Tomahawk          |     3 |       ||     3
 Cast: Beastly Appendage |    20 |     1 ||    21
       Sticks to Snakes  |     4 |       ||     4
 Stab: Sleeping          |     1 |       ||     1
  Eat: Chunk             |     3 |       ||     3
Armor: Robe              |    24 |       ||    24
Dodge: Dodged            |   100 |     1 ||   101
